 Dungeon Crawl Stone Soup version 0.14-a0-1686-g0e827d1 (webtiles) character file.

853 Herrn the Cutter (level 8, -3/81 HPs)
             Began as a Halfling Fighter on Dec 30, 2013.
             Slain by mopl's ghost (6 damage)
             ... on Level 4 of the Dungeon.
             The game lasted 00:27:44 (5154 turns).

Herrn the Cutter (Halfling Fighter)                 Turns: 5154, Time: 00:27:44

HP  -3/81        AC 27     Str 15      XL: 8   Next:  3%
MP   8/8         EV  1     Int  8      God:
Gold 124         SH  4     Dex 16      Spells:  0 memorised,  7 levels left

rFire  . . .     SeeInvis .     a - +0 short sword
rCold  + . .     Clarity  .     b - melded +0 scale mail
rNeg   + + +     Conserve .     c - +0 buckler
rPois  +         rCorr    +     e - +2 helmet
rElec  .         rRot     .     (cloak currently unavailable)
SustAb . .       Spirit   .     (gloves currently unavailable)
rMut   .         Warding  .     s - melded +0 pair of orc boots
Saprov . . .     NoTele   +     f - cursed amulet of resist corrosion
                                (no ring)
                                h - ring of protection from cold

@: tree-form, slightly resistant to hostile enchantments, unstealthy
A: mutation resistance 1, slow metabolism 1
a: no special abilities


You were on level 4 of the Dungeon.
You were not hungry.
You were an animated tree.
You visited 1 branch of the dungeon, and saw 4 of its levels.

You collected 124 gold pieces.

Inventory:

Hand weapons
 a - a +0,+0 short sword (weapon)
Armour
 b - a +0 scale mail (melded)
 c - a +0 buckler (worn)
 e - a +2 helmet (worn)
 s - a +0 pair of orcish boots (melded)
Comestibles
 d - 4 bread rations
 j - 3 meat rations
 k - an apricot
Scrolls
 g - a scroll of fear
 l - a scroll of curse weapon {unknown}
 o - a scroll of fog
 r - 2 scrolls of teleportation
 u - 2 scrolls of remove curse {unknown}
 w - a scroll of identify
Jewellery
 f - a cursed amulet of resist corrosion (around neck)
 h - a ring of protection from cold (left branch)
Potions
 m - a potion of restore abilities
 n - a potion of invisibility
Miscellaneous
 i - a plain deck of dungeons


   Skills:
 * Level 3.9 Fighting
 * Level 5.9 Short Blades
 * Level 3.8 Armour
 + Level 4.6 Dodging
 * Level 5.0 Shields


You had 7 spell levels left.
You didn't know any spells.

Dungeon Overview and Level Annotations

Branches:
Dungeon (4/16)
 Temple: D:4-7

Altars:
Ashenzari
Cheibriados
Nemelex Xobeh

Annotations:
D:4 mopl's ghost, average HESk


Innate Abilities, Weirdness & Mutations

You are small and have problems with some larger weapons.
You are somewhat resistant to further mutation.
You have a slow metabolism.


Message History

Mopl's ghost is severely damaged.
Mopl's ghost hits you.
* * * LOW HITPOINT WARNING * * *
You barely miss mopl's ghost.
Mopl's ghost is severely damaged.
Mopl's ghost hits you.
* * * LOW HITPOINT WARNING * * *
You closely miss mopl's ghost.
Mopl's ghost is severely damaged.
You hit mopl's ghost.
Mopl's ghost is almost destroyed.
Mopl's ghost hits you but does no damage.
You hit mopl's ghost but do no damage.
Mopl's ghost is almost destroyed.
Mopl's ghost hits you.
* * * LOW HITPOINT WARNING * * *
You hit mopl's ghost.
Mopl's ghost is almost destroyed.
Mopl's ghost hits you.
You die...

. #. .. #. ##. #.# .. ... #.
#.# ######.##### #.#
#(....#.p♣.# #.# #.###)# #.# #
#.# #[# #.# #. #.# #.# #.#
#.##.####.###.##########.#
#..p......[..............#
##.#.#.######.#.........#####
...#.#?######.#.#.#.###......
#P..P........##.#.#..#.########


You could see mopl's ghost.

Vanquished Creatures
  An ogre (D:3)
  A centaur (D:3)
  3 jellyfish (D:4)
  A big fish (D:4)
  A hound (D:4)
  5 orc priests
  4 orc wizards
  Jessica (D:3)
  4 adders
  A giant mite (D:3)
  A worm (D:3)
  2 giant geckos
  An ooze (D:1)
  6 orcs
  2 ball pythons (D:1)
  13 bats
  5 giant cockroaches
  12 goblins
  12 hobgoblins
  7 kobolds
  2 quokkas
  3 giant newts
  5 rats
93 creatures vanquished.

Notes
Turn   | Place    | Note
--------------------------------------------------------------
     0 | D:1      | Herrn, the Halfling Fighter, began the quest for the Orb.
     0 | D:1      | Reached XP level 1. HP: 15/15 MP: 1/1
    68 | D:1      | Reached XP level 2. HP: 14/20 MP: 2/2
   139 | D:1      | Found a sparkling altar of Nemelex Xobeh.
   642 | D:1      | Reached skill level 1 in Dodging
   642 | D:1      | Reached XP level 3. HP: 16/25 MP: 3/3
   950 | D:2      | Found a shattered altar of Ashenzari.
  1181 | D:2      | Found a snail-covered altar of Cheibriados.
  1208 | D:2      | Reached XP level 4. HP: 31/31 MP: 4/4
  1411 | D:3      | Reached skill level 4 in Short Blades
  1474 | D:3      | Noticed Jessica
  1513 | D:3      | Killed Jessica
  1559 | D:3      | Noticed an ogre
  2071 | D:3      | Reached XP level 5. HP: 36/36 MP: 5/5
  2132 | D:3      | Noticed a centaur
  2211 | D:3      | Killed an ogre
  2444 | D:3      | Noticed a centaur
  2512 | D:3      | Reached XP level 6. HP: 19/42 MP: 6/6
  3056 | D:3      | Killed a centaur
  3056 | D:3      | Reached skill level 5 in Short Blades
  3479 | D:4      | Reached XP level 7. HP: 46/46 MP: 7/7
  4527 | D:4      | Reached skill level 5 in Shields
  4996 | D:4      | Reached XP level 8. HP: 33/54 MP: 8/8
  5012 | D:4      | Noticed mopl's ghost (average HESk)
  5153 | D:4      | HP: 3/81 [mopl's ghost (6)]
  5154 | D:4      | Slain by mopl's ghost

Action                   |  1- 3 |  4- 6 |  7- 9 || total
-------------------------+-------+-------+-------++-------
Melee: Short sword       |   115 |   253 |   288 ||   656
  Use: Scroll            |     6 |     3 |       ||     9
       Potion            |       |     7 |     3 ||    10
 Stab: Invisible         |       |     1 |       ||     1
